 Dungeon Crawl Stone Soup version 0.28.0-53-g5a82cb258f (webtiles) character file.

Game seed: 718189268098516453

23 PentaManta the Changer (level 3, 26/26 HPs)
             Began as a Merfolk Transmuter on June 18, 2022.
             Got out of the dungeon alive.
             The game lasted 00:01:35 (1225 turns).

PentaManta the Changer (Merfolk Transmuter)         Turns: 1225, Time: 00:01:35

Health: 26/26      AC:  2    Str: 10    XL:     3   Next: 0%
Magic:  6/6        EV: 12    Int: 20    God:
Gold:   26         SH:  0    Dex: 14    Spells: 6/7 levels left

rFire   . . .      SeeInvis .     - Unarmed
rCold   . . .      Faith    .   (no shield)
rNeg    . . .      Spirit   .   a - +0 robe
rPois   .          Reflect  .   (no helmet)
rElec   .          Harm     .   (no cloak)
rCorr   .          Rampage  .   (no gloves)
Will    .....                   (no boots)
Stlth   +.........              (no amulet)
HPRegen 0.08/turn               g - +6 ring of intelligence
MPRegen 0.10/turn               (no ring)

@: no status effects
A: (nimble swimmer 2), mertail
a: no special abilities


You escaped.
You visited 1 branch of the dungeon, and saw 1 of its levels.

You collected 26 gold pieces.

Inventory:

Armour
 a - a +0 robe (worn)
Jewellery
 g - a +6 ring of intelligence (left hand)
Scrolls
 c - a scroll of enchant armour {unknown}
 d - a scroll of teleportation {unknown}
Potions
 b - a potion of heal wounds {unknown}
 e - 2 potions of curing {unknown}
 f - a potion of might {unknown}


   Skills:
 - Level 1.1 Fighting
 - Level 2.6 Dodging
 - Level 3.2 Unarmed Combat
 + Level 2.6 Spellcasting
 + Level 3.7 Transmutations


You had 6 spell levels left.
You knew the following spells:

 Your Spells              Type           Power      Damage    Failure   Level
a - Beastly Appendage     Tmut           34%        N/A       3%          1

Your spell library contained the following spells:

 Spells                   Type           Power      Damage    Failure   Level
 Wereblood                Tmut           17%        N/A       4%          2
 Spider Form              Tmut/Pois      10%        N/A       21%         3
 Ice Form                 Ice/Tmut       10%        N/A       56%         4


Dungeon Overview and Level Annotations

Branches:
Dungeon (1/15)

Altars:


Innate Abilities, Weirdness & Mutations

((You are very nimble when in or above water. (Stealth+, EV+, Speed+++)))
Your lower body shifts to a powerful aquatic tail in water.


Message History

Found a blackened copper ring.
Something bites the withered plant.
Something bites the withered plant.
The withered plant begins to crumble.
The rat bites the withered plant.
The withered plant begins to crumble.
The rat bites the withered plant.
The rat bites the withered plant.
g - a +6 ring of intelligence The withered plant crumbles away.
You feel clever.
g - a +6 ring of intelligence (left hand) No reachable target in view!
You extend your transformation's duration.
The withered plant crumbles away.
The rat bites you but does no damage.
You closely miss the rat. You headbutt the rat, but do no damage.
Your punch misses the rat. The rat misses you.
You hit the rat but do no damage. You headbutt the rat.
You kill the rat!
You have reached level 3!
Your experience leads to an increase in your attributes!
Your base attributes are Str 10, Int 12, Dex 14.
Increase (S)trength, (I)ntelligence, or (D)exterity?
You feel clever. x2
There is a faded altar of an unknown god here.
Your transformation is almost over.
Your horns disappear.
There is an open door here.
You see here a hobgoblin corpse.
You open the door.
There is an open door here.
There is a staircase leading out of the dungeon here.
Save game and exit?
Welcome back, PentaManta the Merfolk Transmuter.
Press ? for a list of commands and other information.
Are you sure you want to leave the Dungeon?
This will make you lose the game!
Alright, then stay!
Save game and exit?
Welcome back, PentaManta the Merfolk Transmuter.
Press ? for a list of commands and other information.
Are you sure you want to leave the Dungeon?
This will make you lose the game!
You have escaped!

#...#.# #.####### #############
##.)#.#####.##....###............
#..#.................###########
#..####....##.[..########### #
###....+....................# #
.....###....########..#####.# #
.....###....#########.# #.# #
......##....#.......#.# #.# #
....#)##....'...@...'.# #.# #
....#.##....#.......### #.# #
....#.##....######### #.# #
....#..#....#.......### #.# #
....##.####.'.>.>.>.'.#####.# #
....##..# #.#.......#.......# #
#######.###.#########.###########
#.....##..# #............
#...#.###.# #############


There were no monsters in sight!

Vanquished Creatures
  2 bats (D:1)
  An endoplasm (D:1)
  A giant cockroach (D:1)
  3 hobgoblins (D:1)
  3 kobolds (D:1)
  A quokka (D:1)
  3 ball pythons (D:1)
  2 frilled lizards (D:1)
  2 goblins (D:1)
  6 rats (D:1)
24 creatures vanquished.

Vanquished Creatures (others)
  2 withered plants (D:1)
2 creatures vanquished.

Grand Total: 26 creatures vanquished

Notes
Turn   | Place    | Note
-------+----------+-------------------------------------------
     0 | D:1      | PentaManta the Merfolk Transmuter began the quest for the
                  | Orb.
     0 | D:1      | Reached XP level 1. HP: 15/15 MP: 3/3
   198 | D:1      | Reached XP level 2. HP: 12/21 MP: 3/5
  1135 | D:1      | Found a faded altar of an unknown god.
  1150 | D:1      | Reached XP level 3. HP: 26/26 MP: 4/6
  1225 | D:$      | Got out of the dungeon alive.

Illustrated notes

Levels and vault maps discovered:
D:1:      minmay_arrival_up_and_down, layout_basic,
          ebering_ecumenical_altar_petrified

Skill      XL: |  1 |
---------------+----+-----
Transmutations | 3 |  3.7
Fighting       | |  1.1
Dodging        | |  2.6
Unarmed Combat | |  3.2
Spellcasting   | |  2.6

Action                   || total
-------------------------++-------
Melee: Unarmed           ||    75
       Headbutt          ||    10
       Punch             ||     2
 Cast: Beastly Appendage ||    15
Armor: Robe              ||    10
Dodge: Dodged            ||    44
